AoeStats
← 4k1m

MegaRandom

509894564Analyzed
4v4 RM · 4d ago on Sep 28, 2026· 51m 37s· 8 players
Game mode
Random Map
Map size
Large (8 player)
Population
200
Speed
Normal
Resources
Standard
Victory
Conquest
Starting age
Dark Age
Ending age
Imperial Age
RankedLock teamsTeams togetherTeam positionsShared explorationLock speedFull tech treeHidden civsTurbo modeCheats
Victory
Defeat
1837
+5
🇩🇪 Cumans · Germany
1521
+16
🇩🇪 Huns · Germany
1469
+17
🇩🇪 Wei · Germany
1438
+18
🇨🇳 Gurjaras · China
1562
-16
🇨🇿 Hindustanis · Czechia
1528
-14
🇳🇱 Celts · Netherlands
1519
-14
🇨🇦 Berbers · Canada
1469
-12
Ranchy
9:25 Feudal Age
9:59 Double-Bit Axe
10:24 Horse Collar
11:09 Loom
17:19 Wheelbarrow
18:48 Bloodlines
21:02 Castle Age
20:33 Scale Barding Armor
21:11 Light Cavalry
22:20 Bow Saw
22:34 Bloodlines
23:13 Forging
24:29 Chain Barding Armor
24:19 Husbandry
29:47 Gold Mining
29:58 Heavy Plow
33:49 Iron Casting
44:50 Imperial Age
42:36 Hand Cart
42:22 Fletching
44:29 Town Watch
45:13 Bodkin Arrow
44:55 Cavalier
46:15 Plate Barding Armor
47:42 Ballistics
48:47 Thumb Ring
49:57 Chemistry
48:19 Elite Genitour
50:51 Conscription
paran
6:44 Loom
8:55 Feudal Age
9:35 Double-Bit Axe
15:05 Horse Collar
18:01 Wheelbarrow
18:25 Bloodlines
18:23 Scale Barding Armor
23:04 Castle Age
21:31 Gold Mining
22:22 Forging
23:34 Light Cavalry
24:15 Husbandry
24:51 Bow Saw
24:44 Heavy Plow
30:47 Chain Barding Armor
32:34 Hand Cart
34:38 Iron Casting
35:13 Town Watch
44:03 Imperial Age
45:10 Stone Mining
45:56 Gold Shaft Mining
46:26 Two-Man Saw
46:04 Plate Barding Armor
46:29 Blast Furnace
Window_of_Opportunity
7:14 Loom
9:47 Feudal Age
10:32 Double-Bit Axe
13:37 Wheelbarrow
13:18 Fletching
15:53 Padded Archer Armor
25:46 Castle Age
28:43 Bodkin Arrow
30:37 Crossbowman
43:29 Ballistics
45:29 Bow Saw
Hash-
9:16 Feudal Age
9:49 Double-Bit Axe
10:46 Loom
13:34 Fletching
15:48 Town Watch
23:11 Castle Age
23:20 Horse Collar
23:19 Crossbowman
23:56 Bodkin Arrow
26:10 Ballistics
27:11 Padded Archer Armor
33:18 Thumb Ring
36:29 Wheelbarrow
36:59 Leather Archer Armor
41:16 Imperial Age
39:26 Gold Mining
40:29 Bow Saw
41:28 Leather Archer Armor
42:03 Bracer
43:24 Chemistry
LM | kingofthrowing123
8:39 Loom
10:55 Feudal Age
14:55 Castle Age
13:24 Double-Bit Axe
16:02 Bow Saw
25:36 Wheelbarrow
24:42 Horse Collar
29:01 Hand Cart
28:57 Heavy Plow
34:00 Imperial Age
35:50 Scale Barding Armor
35:55 Forging
36:59 Chain Barding Armor
38:41 Plate Barding Armor
41:38 Pikeman
42:41 Scale Mail Armor
43:16 Iron Casting
43:26 Conscription
43:14 Stone Mining
43:15 Gold Mining
43:53 Halberdier
45:39 Chain Mail Armor
47:19 Fletching
48:35 Bodkin Arrow
49:08 Ballistics
49:32 Town Watch
50:11 Arson
51:03 Plate Mail Armor
51:33 Blast Furnace
51:39 Blast Furnace
51:23 Gambesons
51:24 Arson
Vicky R
8:06 Loom
10:05 Feudal Age
14:32 Castle Age
12:59 Double-Bit Axe
13:33 Horse Collar
18:06 Scale Barding Armor
21:17 Bloodlines
24:09 Bow Saw
25:44 Forging
26:26 Chain Barding Armor
27:47 Heavy Plow
28:19 Forging
30:05 Wheelbarrow
30:22 Gold Mining
35:14 Stone Mining
40:01 Imperial Age
37:46 Town Watch
39:10 Gold Shaft Mining
39:23 Iron Casting
38:23 Light Cavalry
40:06 Fletching
41:19 Plate Barding Armor
40:17 Cavalier
42:09 Ballistics
42:11 Murder Holes
43:16 Two-Man Saw
44:12 Blast Furnace
43:56 Crop Rotation
43:53 Conscription
46:09 Chemistry
45:19 Scale Mail Armor
45:23 Hussar
50:41 Capped Ram
4k1m
7:13 Loom
9:48 Feudal Age
12:15 Fletching
19:12 Double-Bit Axe
24:02 Castle Age
24:39 Bodkin Arrow
24:05 Crossbowman
25:19 Padded Archer Armor
29:59 Ballistics
38:57 Bow Saw
41:41 Leather Archer Armor
45:09 Horse Collar
50:10 Imperial Age
48:15 Thumb Ring
48:52 Tuntian
50:56 Bracer
52:08 Chemistry
MyNameIsLassen
6:49 Loom
9:06 Feudal Age
13:34 Fletching
16:25 Padded Archer Armor
22:15 Castle Age
21:52 Double-Bit Axe
22:56 Bodkin Arrow
23:13 Bow Saw
22:59 Gold Mining
25:58 Horse Collar
28:37 Husbandry
29:08 Ballistics
32:43 Bloodlines
37:28 Leather Archer Armor
46:21 Wheelbarrow
48:04 Thumb Ring
52:33 Imperial Age
51:04 Stone Mining
52:08 Heavy Plow
Connection lost

Rejoining the realm…

Still unreachable

The connection could not be restored.

Session expired

The server has moved on; the page needs a fresh start.